 Dungeon Crawl Stone Soup version 0.21.0-8-gf18e19db4a (webtiles) character file.

60 pyumi the Firebug (level 3, 0/19 HPs)
             Began as a Deep Elf Fire Elementalist on Jan 17, 2018.
             Slain by Terence
             ... wielding a +0 short sword
              (5 damage)
             ... on level 3 of the Dungeon.
             The game lasted 00:06:35 (2083 turns).

pyumi the Firebug (Deep Elf Fire Elementalist)      Turns: 2083, Time: 00:06:36

Health: 0/19       AC:  2    Str:  5    XL:     3   Next: 80%
Magic:  9/10       EV: 13    Int: 20    God:
Gold:   67         SH:  0    Dex: 15    Spells: 9/10 levels left

rFire    . . .     SeeInvis .   (no weapon)
rCold    . . .     Gourm    .   (no shield)
rNeg     . . .     Faith    .   a - +0 robe
rPois    .         Spirit   .   (no helmet)
rElec    .         Reflect  .   (no cloak)
rCorr    .         Harm     .   (no gloves)
MR       .....                  (no boots)
Stlth    ++........             (no amulet)
HPRegen  0.06/turn              (no ring)
MPRegen  0.12/turn              (no ring)

@: about to teleport
A: no striking features
a: no special abilities


You were on level 3 of the Dungeon.
You were not hungry.

You visited 1 branch of the dungeon, and saw 3 of its levels.

You collected 67 gold pieces.

Inventory:

Armour
 a - a +0 robe (worn)
Potions
 d - a potion of heal wounds {unknown}
 e - a potion of flight
 g - a potion of lignification {unknown}
 h - a potion of haste {unknown}
 i - a potion of curing {unknown}
Books
 b - a book of Flames

   Spells                             Type                      Level
   a - Flame Tongue                   Conjuration/Fire             1
   b - Throw Flame                    Conjuration/Fire             2
   c - Conjure Flame                  Conjuration/Fire             3
   d - Inner Flame                    Hexes/Fire                   3
   e - Sticky Flame                   Conjuration/Fire             4
   f - Fireball                       Conjuration/Fire             5
Comestibles
 c - 2 rations


   Skills:
 - Level 2.4 Dodging
 - Level 2.4 Stealth
 + Level 4.0 Spellcasting
 - Level 1.1 Conjurations
 * Level 4.7 Fire Magic


You had 9 spell levels left.
You knew the following spells:

 Your Spells              Type           Power        Failure   Level  Hunger
a - Flame Tongue          Conj/Fire      ###..        3%          1    None


Dungeon Overview and Level Annotations

Branches:
Dungeon (3/15)

Altars:
Elyvilon
Nemelex Xobeh
Okawaru

Annotations:
D:3 Terence


Message History

Press: ? - help, Shift-Dir - straight line, f/p - Terence
Aim: Terence, wielding a short sword and wearing a scale mail (lightly wounded)
The flame tongue hits Terence.
Terence is moderately wounded.
Terence closely misses you.
A worm comes into view.
Terence hits you with a short sword.
Casting: Flame Tongue
Confirm with . or Enter, or press ? or * to list all spells.
Aiming: Flame Tongue
Press: ? - help, Shift-Dir - straight line, f/p - Terence
Aim: Terence, wielding a short sword and wearing a scale mail (moderately wounded)
The flame tongue hits Terence.
Terence is moderately wounded.
Terence hits you with a short sword.
* * * LOW HITPOINT WARNING * * *
Found 2 scrolls of identify.
As you read the scroll of teleportation, it crumbles to dust.
You feel strangely unstable. Terence hits you with a short sword.
You die...

### #<# ###.#### #......#
#.#.##.#### ## #.#.......#
?. #.####.##.#
#.#####.####.##.#
#..@@.#......##.#
#####.######....# #.#
#.##.# #. #.### #.#######
<#.. #.#.####.......# ....
#.#..........#.# ....$
#.#.########.#.#
.....######w#.#..........#
.........##.#.#.#....#.###


You could see Terence.

Vanquished Creatures
  An adder (D:2)
  2 worms
  2 leopard geckos
  4 bats
  2 giant cockroaches (D:2)
  5 goblins
  7 hobgoblins
  4 jackals (D:2)
  4 kobolds
  5 frilled lizards
  2 rats (D:2)
38 creatures vanquished.

Notes
Turn   | Place    | Note
-------+----------+-------------------------------------------
     0 | D:1      | pyumi the Deep Elf Fire Elementalist began the quest for the Orb.
     0 | D:1      | Reached XP level 1. HP: 10/10 MP: 6/6
   333 | D:1      | Reached XP level 2. HP: 15/15 MP: 0/8
   714 | D:1      | Found a sparkling altar of Nemelex Xobeh.
  1127 | D:2      | Found an iron altar of Okawaru.
  1245 | D:2      | Reached XP level 3. HP: 19/19 MP: 8/10
  1626 | D:2      | Found a white marble altar of Elyvilon.
  2061 | D:3      | Noticed Terence
  2083 | D:3      | Slain by Terence

Skill      XL: |  1  2  3 |
---------------+----------+-----
Fire Magic     | 4 |  4.7
Spellcasting   | 4 |  4.0
Dodging        | |  2.4
Stealth        | |  2.4
Conjurations   | |  1.1

Action                   || total
-------------------------++-------
Melee: Unarmed           ||     3
 Cast: Flame Tongue      ||    77
  Use: Scroll            ||     7
  Eat: Ration            ||     1
Armor: Robe              ||     6
Dodge: Dodged            ||    20
